Map: Frozen Temple

Players

Miszu - Winner!

  • Race: Terran Terran
  • League: Grandmaster

Hopt

  • Race: Terran Terran
  • League: Master

VOD

Have the link to the VOD?

Description

Time

  • Played on: May 20, 2016, 2:42 p.m.
  • Length: 8:24
Show
View Real Time Build Order
Export as new Build Order

Miszu Terran - Winner!

Build Orders: 1/1/1, MMM Bio 

Get SALT Encoding   

  12  0:02  SCV  
  13  0:14  SCV  
  14  0:20  Supply Depot  
  14  0:26  SCV  
  15  0:42  Refinery, SCV  
  16  0:45  Barracks  
  16  0:50  Refinery  
  16  0:55  SCV  
  17  1:07  SCV  
  18  1:19  SCV  
  19  1:33  Factory  
  19  1:38  Reaper  
  20  1:47  Supply Depot  
  20  1:56  Orbital Command  
  20  2:10  Reaper  
  21  2:17  Starport, Hellion  
  21  2:22  SCV  
  24  2:31  Supply Depot  
  24  2:38  SCV  
  24  2:50  Hellion, Reaper  
  24  2:51  SCV  
  27  2:55  Medivac  
  29  3:03  SCV  
  30  3:14  Hellion  
  30  3:16  SCV  
  33  3:23  Barracks Reactor  
  33  3:25  Viking  
  35  3:41  Command Center  
  35  3:44  SCV  
  35  3:45  Factory Tech Lab  
  36  3:56  Supply Depot  
  36  3:58  Viking  
  38  4:13  Siege Tank  
  39  4:21  SCV  
  39  4:22  Marine  
  39  4:23  Marine  
  41  4:30  Barracks  
  41  4:33  Barracks  
  41  4:38  SCV  
  41  4:53  SCV  
  42  5:03  Siege Tank  
  42  5:04  Starport Reactor  
  43  5:09  SCV  
  44  5:17  Orbital Command  
  44  5:23  SCV  
  44  5:24  Barracks Tech Lab  
  44  5:25  Barracks Tech Lab  
  45  5:35  SCV  
  45  5:37  Siege Tank  
  49  5:43  Stimpack, SCV  
  49  5:47  SCV  
  49  5:49  Combat Shields  
  51  5:55  Marine, SCV  
  51  5:56  Marine x2  
  55  6:00  SCV  
  55  6:03  Supply Depot  
  56  6:07  Marine, SCV  
  56  6:10  Medivac  
  56  6:11  Medivac  
  62  6:16  Refinery  
  62  6:17  Engineering Bay  
  62  6:24  Marine x3, SCV  
  67  6:25  SCV  
  67  6:26  Supply Depot  
  67  6:32  Marine  
  67  6:36  SCV  
  67  6:37  Siege Tank  
  69  6:42  Marine  
  70  6:47  Marine x2  
  70  6:48  Supply Depot  
  70  6:50  Marine, SCV  
  70  6:51  SCV  
  75  7:05  Marine x3  
  78  7:10  Marine  
  78  7:16  SCV x2  
  78  7:19  Siege Tank  
  83  7:23  Marine x3  
  86  7:43  Command Center  
  86  7:58  Marine x4  
Show
View Real Time Build Order
Export as new Build Order

Hopt Terran 

Build Orders: 1/1/1, Liberator Opening, MMM Bio 

Get SALT Encoding   

  12  0:00  SCV  
  13  0:13  SCV  
  14  0:17  Supply Depot  
  14  0:25  SCV  
  15  0:29  Refinery  
  15  0:39  SCV  
  16  0:45  Barracks  
  16  0:51  SCV  
  16  0:55  Refinery  
  17  1:03  SCV  
  18  1:15  SCV  
  19  1:31  Orbital Command  
  19  1:34  Factory  
  19  1:40  Reaper  
  20  1:48  Supply Depot  
  20  1:58  SCV  
  21  2:10  SCV  
  21  2:12  Reaper  
  23  2:18  Starport  
  23  2:22  SCV  
  24  2:26  Hellion  
  26  2:34  SCV  
  27  2:39  Supply Depot  
  27  2:43  Liberator  
  27  2:46  SCV  
  27  2:54  Hellion, Reaper  
  30  2:58  SCV  
  34  3:06  Supply Depot  
  34  3:10  SCV  
  37  3:20  Hellion  
  37  3:24  SCV  
  38  3:28  Reaper  
  38  3:30  Supply Depot  
  39  3:38  SCV  
  40  3:47  Factory Tech Lab  
  40  3:48  Viking  
  42  3:50  SCV  
  43  4:03  SCV  
  43  4:05  Barracks Reactor, Command Center  
  43  4:19  SCV  
  44  4:29  Siege Tank  
  44  4:31  Barracks x2  
  47  4:34  SCV  
  45  4:46  SCV  
  45  4:47  Supply Depot  
  46  4:58  SCV  
  47  5:10  Marine x2, SCV  
  50  5:22  SCV  
  50  5:23  Barracks Tech Lab x2  
  51  5:32  Command Center  
  51  5:34  Starport Reactor, Marine x2  
  53  5:40  Orbital Command  
  53  5:41  SCV  
  54  5:43  Stimpack  
  54  5:46  Combat Shields  
  54  5:53  Marine, SCV  
  54  5:54  Engineering Bay, Marine  
  57  6:05  SCV  
  57  6:09  SCV  
  57  6:10  Marine x2  
  61  6:12  Siege Tank  
  61  6:16  Supply Depot  
  61  6:17  SCV  
  65  6:21  SCV  
  66  6:26  Refinery x2  
  66  6:27  Marine x2, Medivac x2  
  66  6:29  SCV  
  73  6:38  SCV  
  74  6:42  SCV  
  74  6:43  Supply Depot  
  74  6:44  Supply Depot  
  74  6:46  Supply Depot  
  75  6:49  Siege Tank  
  75  6:50  Marine x2  
  75  6:51  SCV  
  75  6:54  SCV  
  80  7:02  Marine x2  
  80  7:03  Medivac x2, SCV  
  80  7:06  SCV  
  88  7:10  SCV  
  88  7:15  SCV  
  90  7:17  Marine x2  
  90  7:23  SCV  
  89  7:32  Marine  
  89  7:35  Marine x3  
  90  7:42  Medivac x2, Siege Tank  
  97  7:49  Marine  
  97  7:52  Engineering Bay  
  97  7:53  Marine x3  
Tags
 
Add a new tag
Caveats
  • Supply blocks, unpowered buildings, or Contaminate may cause inaccurate times.
  • Supply counts are checked every 10 seconds.